 Dungeon Crawl Stone Soup version 0.17.0-28-g6e173f8 (webtiles) character file.

36648 trolloc1 the Tortoise (level 13, 137/137 HPs)
             Began as a Minotaur Berserker on Nov 24, 2015.
             Was the Champion of Trog.
             Drowned
             ... in an ice cave.
             The game lasted 00:38:38 (14242 turns).

trolloc1 the Tortoise (Minotaur Berserker)         Turns: 14242, Time: 00:38:38

Health: 137/137    AC: 20    Str: 24    XL:     13   Next: 54%
Magic:  12/12      EV: 15    Int:  2    God:    Trog [******]
Gold:   986        SH:  0    Dex: 21    Spells: 0 memorised, 12 levels left

rFire  + . .     SeeInvis .     A - +5 great mace of the Many Orbs {crush, rPois rF+ Dex+3}
rCold  . . .     Clarity  +     b - +0 plate armour
rNeg   . . .     SustAt   .     (shield currently unavailable)
rPois  +         Gourm    .     (helmet restricted)
rElec  .         Spirit   .     T - +0 cloak {MR+}
rCorr  +         Warding  .     (no gloves)
rMut   .         Stasis   .     m - +0 pair of boots
MR     +....                    P - amulet of resist corrosion
Stlth  ..........               w - +3 ring of dexterity
                                s - ring of flight

@: somewhat resistant to hostile enchantments, extremely unstealthy
A: retaliatory headbutt, horns 2, agile 1, blink, clarity, dopey 1, robust 1
a: Blink, Berserk, Trog's Hand, Brothers in Arms, Burn Spellbooks, Renounce
Religion, Evoke Flight


You were in an ice cave.
You worshipped Trog.
Trog was exalted by your worship.
You were not hungry.

You visited 3 branches of the dungeon, and saw 16 of its levels.
You also visited: Ice Cave and Volcano.

You collected 986 gold pieces.

Inventory:

Hand Weapons
 A - the +5 great mace of the Many Orbs (weapon) {crush, rPois rF+ Dex+3}
   (Trog gifted it to you on level 1 of the Lair of Beasts)

   It inflicts extra damage upon your enemies.
   It affects your dexterity (+3).
   It protects you from fire.
   It protects you from poison.
 F - a +4 flail of crushing
Missiles
 K - 5 silver javelins (quivered)
Armour
 b - a +0 plate armour (worn)
 m - a +0 pair of boots (worn)
 T - a +0 cloak of magic resistance (worn)
Jewellery
 s - a ring of flight (left hand)
 w - a +3 ring of dexterity (right hand)
 P - an amulet of resist corrosion (around neck)
Wands
 D - a wand of teleportation (2)
Scrolls
 d - 8 scrolls of remove curse
 e - 6 scrolls of teleportation
 k - 6 scrolls of fog
 l - a scroll of recharging
 r - 3 scrolls of enchant weapon
 y - a scroll of blinking
 C - 3 scrolls of magic mapping
 I - a scroll of holy word
 J - a scroll of brand weapon
 N - 2 scrolls of fear
 O - a scroll of silence {unknown}
 Q - a scroll of torment {unknown}
 U - a scroll of noise {unknown}
Potions
 a - a potion of beneficial mutation {unknown}
 g - 5 potions of flight {unknown}
 n - 3 potions of brilliance {unknown}
 o - a potion of ambrosia {unknown}
 q - 9 potions of might {unknown}
 t - 3 potions of lignification {unknown}
 u - 7 potions of curing {unknown}
 v - a potion of mutation {unknown}
 x - 5 potions of heal wounds {unknown}
 z - 3 potions of poison {unknown}
 B - a potion of agility {unknown}
 E - 4 potions of resistance {unknown}
 H - a potion of degeneration {unknown}
 M - 2 potions of cancellation {unknown}
Comestibles
 c - 10 bread rations
 p - 5 meat rations
 G - 3 fruits
 V - 35 chunks of flesh


   Skills:
 + Level 14.9 Fighting
 - Level 12.9 Maces & Flails
 + Level 16.2 Armour
 + Level 10.0 Dodging
 - Level 1.1 Evocations


You had 12 spell levels left.
You didn't know any spells.

Dungeon Overview and Level Annotations

Branches:
Dungeon (11/15)            Temple (1/1) D:4            Lair (4/8) D:10
 Spider (0/4) Lair:3          Orc (0/4) D:10
  Swamp: Lair:3-6    Shoals: Lair:3-6

Altars:
Cheibriados
Dithmenos
Fedhas
Gozag
Nemelex Xobeh
Okawaru
Qazlal
Ru
Trog
Xom
Yredelemnul
Zin
The Shining One
Beogh

Annotations:
IceCv exclusion: ice statue


Innate Abilities, Weirdness & Mutations

You reflexively headbutt those who attack you in melee.
You have a pair of horns on your head.
You are agile. (Dex +2)
You can translocate small distances at will.
You possess an exceptional clarity of mind.
You are dopey. (Int -2)
You are robust (+10% HP).


Message History

Things that are here:
a yak corpse; a polar bear corpse Butcher a yak corpse? [(y)es/(c)hop/(n)o/(a)ll/(q)uit/?]
You butcher the yak corpse.
You butcher the polar bear corpse.
V - 37 chunks of flesh (gained 2);
V - 38 chunks of flesh (gained 1) Partly explored, can't reach some places.
Things that are here:
a polar bear skeleton x2
Things that are here:
a battleaxe of freezing; a yak skeleton; a yak skeleton You feel very buoyant.
You fly up into the air.
You feel somewhat more hungry.
Some of the chunks of flesh in your inventory have rotted away.
Some of the chunks of flesh in your inventory have rotted away.
Partly explored, can't reach some places.
Careful!
You are starting to lose your buoyancy.
You float gracefully downwards.
You fall into the water!
You sink like a stone!
You drown...
You die...

###### ###..÷.######............#
#≈≈≈### ###### ##........####...
##≈≈≈≈≈##### ##........##..###.
≈≈≈≈≈≈≈≈≈≈≈## #........##.))..##
≈≈≈≈≈≈≈≈≈≈≈≈#####.......#)))....#
≈≈≈≈≈≈≈≈≈##≈≈≈≈####.....##......#
≈≈≈≈≈#########≈≈≈≈##.....###.....
#≈≈≈## ##≈≈≈≈###).......... ###≈#
##@≈≈≈≈.#.........# #####
###≈≈≈############ .###
##≈≈≈≈≈≈≈≈ ..8 ##.?≈≈≈≈≈≈≈ ..
#.#.##≈≈### .. ##.## ≈≈# .# ####
#..##≈## ######..## ##..###
##.......#### #.#.#


There were no monsters in sight!

Vanquished Creatures
  A frost giant (IceCv)
  Snorg (Lair:3)
  4 hydras
  A queen ant (Lair:4)
  A hill giant (D:6)
  An ugly thing (D:11)
  2 black mambas (Lair:1)
  2 griffons
  The ghost of sugabear the Shield-Bearer, a novice GrFi of Qazlal (D:7)
  6 elephants (Lair:3)
  3 molten gargoyles (Volcano)
  5 spiny frogs
  A centaur skeleton (D:11)
  A gargoyle (Volcano)
  A fire drake (Lair:1)
  7 komodo dragons
  16 polar bears (IceCv)
  Prince Ribbit (D:8)
  3 blink frogs (Lair:2)
  A trapdoor spider zombie (D:8)
  A wyvern (Lair:4)
  6 hippogriffs
  2 spriggans
  3 fire elementals (Volcano)
  33 yaks
  A basilisk (Lair:3)
  A hungry ghost (D:10)
  11 wolves
  Edmund (D:6)
  An ice beast (D:10)
  2 sky beasts
  A phantom (D:9)
  8 soldier ants (Lair:4)
  4 porcupines
  5 water moccasins
  8 spiders (Lair:3)
  5 black bears
  A necrophage (D:9)
  14 orc warriors
  6 crocodiles
  4 ogres
  2 wasps
  4 centaurs
  8 giant frogs
  3 scorpions
  6 killer bees (D:10)
  5 crimson imps
  An iron imp (D:6)
  5 wights (D:9)
  2 jellies
  7 orc priests
  10 orc wizards
  3 iguanas
  5 hounds
  3 giant frog skeletons
  8 sheep (Lair:3)
  25 worker ants
  A killer bee zombie (D:7)
  A worker ant zombie (D:7)
  13 gnolls
  14 river rats
  9 adders
  3 shadow imps
  12 white imps (Lair:4)
  An adder zombie (D:9)
  2 worms
  5 giant geckos
  49 orcs
  3 ball pythons
  2 giant cockroaches
  4 hobgoblins
  8 jackals
  5 quokkas
  5 bats
  5 giant newts
  2 gnoll zombies (D:6)
  5 goblins
  7 kobolds
  3 rats (D:2)
  4 fire vortices (Volcano)
  5 plants (Lair:3)
442 creatures vanquished.

Vanquished Creatures (others)
  2 fungi
2 creatures vanquished.

Grand Total: 444 creatures vanquished

Notes
Turn   | Place    | Note
--------------------------------------------------------------
     0 | D:1      | trolloc1 the Minotaur Berserker began the quest for the Orb.
     0 | D:1      | Reached XP level 1. HP: 19/19 MP: 0/0
   153 | D:1      | Reached skill level 4 in Maces & Flails
   153 | D:1      | Reached XP level 2. HP: 19/26 MP: 1/1
   772 | D:1      | Reached skill level 5 in Maces & Flails
  1087 | D:2      | Reached XP level 3. HP: 31/31 MP: 2/2
  1128 | D:2      | Found a blossoming altar of Fedhas.
  1250 | D:2      | Reached ** piety under Trog
  1570 | D:3      | Found an opulent altar of Gozag.
  1739 | D:3      | Reached XP level 4. HP: 39/39 MP: 3/3
  1804 | D:3      | Reached skill level 6 in Maces & Flails
  2199 | D:4      | Found an iron altar of Okawaru.
  2251 | D:4      | Found a staircase to the Ecumenical Temple.
  2260 | Temple   | Entered the Ecumenical Temple
  2627 | D:4      | Found a bloodstained altar of Trog.
  2785 | D:4      | Noticed an ogre
  2791 | D:4      | Killed an ogre
  2791 | D:4      | Reached skill level 7 in Maces & Flails
  2791 | D:4      | Reached XP level 5. HP: 36/45 MP: 4/4
  2923 | D:5      | Entered Level 5 of the Dungeon
  2958 | D:5      | Reached skill level 8 in Maces & Flails
  2958 | D:5      | Reached XP level 6. HP: 40/51 MP: 5/5
  3048 | D:5      | Reached *** piety under Trog
  3067 | D:5      | Received a gift from Trog
  3132 | D:5      | Noticed a centaur
  3142 | D:5      | Killed a centaur
  3142 | D:5      | Reached skill level 9 in Maces & Flails
  3150 | D:5      | Found a shimmering altar of Xom.
  3190 | D:5      | Found a sparkling altar of Nemelex Xobeh.
  3596 | D:6      | Reached XP level 7. HP: 54/57 MP: 6/6
  3812 | D:6      | Noticed Edmund
  3818 | D:6      | Reached skill level 10 in Maces & Flails
  3823 | D:6      | Killed Edmund
  3823 | D:6      | Reached skill level 1 in Evocations
  3981 | D:6      | Found a snail-covered altar of Cheibriados.
  3986 | D:6      | Reached skill level 11 in Maces & Flails
  4026 | D:6      | Noticed a water moccasin
  4029 | D:6      | Killed a water moccasin
  4029 | D:6      | Reached XP level 8. HP: 64/64 MP: 7/7
  4476 | D:6      | Found a basalt altar of Yredelemnul.
  4529 | D:7      | Noticed sugabear's ghost (novice GrFi)
  4546 | D:7      | Killed sugabear's ghost
  4546 | D:7      | Reached skill level 12 in Maces & Flails
  4847 | D:7      | Found a sacrificial altar of Ru.
  4910 | D:7      | Noticed a hill giant
  5033 | D:6      | Reached XP level 9. HP: 40/72 MP: 8/8
  5188 | D:6      | Killed a hill giant
  5188 | D:6      | Reached skill level 5 in Fighting
  5402 | D:7      | Reached **** piety under Trog
  5681 | D:8      | Found a stormy altar of Qazlal.
  6002 | D:8      | Gained mutation: You are dopey. (Int -2) [mutagenic meat]
  6003 | D:8      | Gained mutation: You possess an exceptional clarity of mind. [mutagenic meat]
  6004 | D:8      | Gained mutation: You are robust (+10% HP). [mutagenic meat]
  6005 | D:8      | Gained mutation: You are agile. (Dex +2) [mutagenic meat]
  6006 | D:8      | Gained mutation: You can translocate small distances at will. [mutagenic meat]
  6014 | D:8      | Noticed Prince Ribbit
  6033 | D:8      | Killed Prince Ribbit
  6033 | D:8      | Received a gift from Trog
  6158 | D:8      | Reached XP level 10. HP: 89/94 MP: 9/9
  6718 | D:9      | Found a shadowy altar of Dithmenos.
  6829 | D:9      | Found a glowing silver altar of Zin.
  6874 | D:9      | Reached ***** piety under Trog
  7327 | D:9      | Reached skill level 10 in Armour
  7465 | D:9      | Found a glowing golden altar of the Shining One.
  7738 | D:10     | Entered Level 10 of the Dungeon
  8263 | D:10     | Found a roughly hewn altar of Beogh.
  8265 | D:10     | Found a staircase to the Orcish Mines.
  8649 | D:10     | Got a warped chain mail
  8660 | D:10     | Identified the +1 chain mail "Muith" {*Confuse rPois Regen+ Str+3} (You found it on level 10 of the Dungeon)
  8747 | D:10     | Reached skill level 10 in Fighting
  9095 | D:10     | Found a staircase to the Lair.
  9387 | D:11     | Noticed a red ugly thing
  9395 | D:11     | Killed a red ugly thing
  9395 | D:11     | Reached XP level 11. HP: 72/111 MP: 10/10
  9521 | Lair:1   | Entered Level 1 of the Lair of Beasts
  9771 | Lair:1   | Received a gift from Trog
  9782 | Lair:1   | Got an ancient great mace {god gift}
  9899 | Lair:1   | Identified the +5 great mace of the Many Orbs {crush, rPois rF+ Dex+3} (Trog gifted it to you on level 1 of the Lair of Beasts)
 10054 | Lair:1   | Reached skill level 13 in Armour
 10421 | Lair:1   | Noticed a five-headed hydra
 10428 | Lair:1   | Killed a five-headed hydra
 10787 | Lair:2   | Noticed a four-headed hydra
 10791 | Lair:2   | Killed a four-headed hydra
 10795 | Lair:2   | Reached skill level 14 in Armour
 10804 | Lair:2   | Reached skill level 5 in Dodging
 10908 | Lair:2   | Reached XP level 12. HP: 102/124 MP: 11/11
 11016 | Lair:2   | Found a dark tunnel.
 11148 | Volcano  | Entered a volcano
 12274 | Lair:3   | Noticed a six-headed hydra
 12280 | Lair:3   | Killed a six-headed hydra
 12340 | Lair:3   | Noticed Snorg
 12346 | Lair:3   | Killed Snorg
 12373 | Lair:3   | Found a hole to the Spider Nest.
 12377 | Lair:3   | Reached skill level 15 in Armour
 12430 | Lair:3   | Noticed a four-headed hydra
 12437 | Lair:3   | Killed a four-headed hydra
 13361 | Lair:4   | Reached ****** piety under Trog
 13371 | Lair:4   | Received a gift from Trog
 13380 | Lair:4   | Reached XP level 13. HP: 122/136 MP: 12/12
 13563 | Lair:4   | Found a frozen archway.
 13576 | Lair:4   | Received a gift from Trog
 13592 | IceCv    | Entered an ice cave
 13980 | IceCv    | Noticed a frost giant
 13992 | IceCv    | Killed a frost giant
 13992 | IceCv    | Reached skill level 16 in Armour
 14147 | IceCv    | Reached skill level 10 in Dodging
 14242 | IceCv    | Drowned

Action                   |  1- 3 |  4- 6 |  7- 9 | 10-12 | 13-15 || total
-------------------------+-------+-------+-------+-------+-------++-------
Melee: Mace              |    88 |   115 |    22 |       |       ||   225
       Flail             |       |       |   189 |   196 |       ||   385
       Dire flail        |       |       |       |    98 |       ||    98
       Great mace        |       |       |       |   299 |   191 ||   490
Invok: Burn Spellbooks   |     1 |       |     1 |       |     1 ||     3
       Berserk           |       |       |     3 |     1 |     1 ||     5
       Trog's Hand       |       |       |     1 |     3 |     1 ||     5
 Abil: Evoke Flight      |       |     2 |       |       |     1 ||     3
       Blink             |       |       |       |       |     1 ||     1
  Use: Scroll            |       |     1 |       |       |    11 ||    12
  Eat: Chunk             |     3 |     6 |    16 |    20 |       ||    45
       Meat ration       |       |       |       |     1 |     1 ||     2
       Fruit             |       |       |       |     1 |       ||     1
       Beef jerky        |       |       |       |     1 |       ||     1
